 Dungeon Crawl Stone Soup version 0.28-a0-312-gbced6e68ee (webtiles) character file.

Game seed: 564856155034939730

280 dolemite99 the Cleaver (level 6, 0/51 HPs)
             Began as a Hill Orc Abyssal Knight on Aug 31, 2021.
             Was a Believer of Lugonu.
             Slain by a gnoll shaman (5 damage)
             ... on level 4 of the Dungeon.
             The game lasted 00:04:02 (3522 turns).

dolemite99 the Cleaver (Hill Orc Abyssal Knight)    Turns: 3522, Time: 00:04:02

Health: 0/51       AC: 12    Str: 15 (17) XL:     6   Next: 27%
Magic:  7/7        EV:  9    Int: 11 (12) God:    Lugonu [**....]
Gold:   166        SH:  0    Dex: 15 (16) Spells: 5/5 levels left

rFire   . . .      SeeInvis .   a - +1 hand axe
rCold   . . .      Faith    .   (no shield)
rNeg    . . .      Spirit   .   b - +0 scale mail
rPois   .          Reflect  .   j - +2 helmet
rElec   .          Harm     .   (no cloak)
rCorr   .          Rampage  .   d - +2 pair of gloves
Will    .....                   (no boots)
Stlth   ..........              (no amulet)
HPRegen 0.17/turn               m - +6 ring of dexterity
MPRegen 0.10/turn               (no ring)

@: lit by a corona, glowing
A: no striking features
a: Renounce Religion, Depart the Abyss, Bend Space


You were on level 4 of the Dungeon.
You worshipped Lugonu.
Lugonu was pleased with you.
You visited 1 branch of the dungeon, and saw 4 of its levels.
You visited the Abyss 1 time.

You collected 166 gold pieces.

Inventory:

Hand Weapons
 a - a +1 hand axe (weapon)
 f - a +1 dagger of venom
Missiles
 h - 28 arrows
 i - 5 javelins
 l - 28 poisoned darts
 q - 40 stones
 t - 2 throwing nets
Armour
 b - a +0 scale mail (worn)
 c - a +0 ring mail
 d - a +2 pair of gloves (worn)
 j - a +2 helmet (worn)
 r - a +0 kite shield
Jewellery
 m - a +6 ring of dexterity (left hand)
Scrolls
 e - a scroll of magic mapping {unknown}
 k - a scroll of immolation {unknown}
 n - 2 scrolls of identify {unknown}
 s - a scroll of vulnerability {unknown}
 u - a scroll of amnesia {unknown}
Potions
 o - a potion of mutation {unknown}
 p - a potion of heal wounds {unknown}


   Skills:
 - Level 3.6 Fighting
 + Level 8.5 Axes
 - Level 2.1 Armour
 - Level 0.7 Dodging
 - Level 2.4 Invocations


You had 5 spell levels left.
You didn't know any spells.
Your spell library contained the following spells:

 Spells                   Type           Power      Damage    Failure   Level
 Sublimation of Blood     Necr           0%         N/A       91%         2
 Wereblood                Tmut           0%         N/A       91%         2
 Summon Hydra             Summ           0%         N/A       100%        7


Dungeon Overview and Level Annotations

Branches:
Dungeon (4/15)
 Temple: D:4-7

Altars:
Kikubaaqudgha
Nemelex Xobeh

Shops:
D:3 [


Message History

You closely miss the gnoll.
The gnoll is heavily wounded.
The gnoll shaman calls upon its god to speed up the gnoll.
The gnoll seems to speed up.
You slash the gnoll!
You kill the gnoll!
Lugonu accepts your kill.
There is a stone staircase leading down here.
You hit the gnoll shaman but do no damage.
You barely miss the gnoll shaman.
The gnoll shaman hits you with a +0 whip.
You hit the gnoll shaman but do no damage.
The gnoll shaman barely misses you.
You barely miss the gnoll shaman.
The gnoll shaman hits you with a +0 whip!
* * * LOW HITPOINT WARNING * * *
You hit the gnoll shaman.
The gnoll shaman is lightly wounded.
The gnoll shaman barely misses you.
You hit the gnoll shaman.
The gnoll shaman is moderately wounded.
The gnoll shaman invokes the aid of its god against you.
You are outlined in light.
You hit the gnoll shaman.
The gnoll shaman is moderately wounded.
The gnoll shaman hits you but does no damage.
You hit the gnoll shaman but do no damage.
The gnoll shaman is moderately wounded.
You hit the gnoll shaman but do no damage.
The gnoll shaman is moderately wounded.
The gnoll shaman hits you with a +0 whip.
* * * LOW HITPOINT WARNING * * *
You closely miss the gnoll shaman.
The gnoll shaman is moderately wounded.
The gnoll shaman hits you but does no damage.
It was a potion of degeneration.
There was something very wrong with that liquid.
You feel weakened.
You feel dopey.
You feel clumsy.
The gnoll shaman hits you with a +0 whip.
You die...

#)# #.#########.....##
#.# #.# #.....# #.# #.#
#.###.# #.# #.# #.# #.#
#g# #.# #.# #.# #.# #.#
#.# #.# #.######.## #.#
#.#
#....>#...########.###.#
#####g..#....g@......[.#
###...#########.####
#......# #.# #.##...#
#.# # ##### #.# #.# #.#
^.#


You could see a gnoll shaman.

Vanquished Creatures
  A necrophage (D:4)
  Robin (D:2)
  8 adders
  3 gnolls (D:4)
  An adder skeleton (D:4)
  2 worms
  4 bats
  8 endoplasms
  5 giant cockroaches
  8 goblins
  6 hobgoblins
  5 jackals
  5 kobolds
  5 quokkas
  4 ball pythons
  A frilled lizard (D:1)
  6 rats
73 creatures vanquished.

Notes
Turn   | Place    | Note
-------+----------+-------------------------------------------
     0 | Abyss:1  | dolemite99 the Hill Orc Abyssal Knight began the quest for
                  | the Orb.
     0 | Abyss:1  | Reached XP level 1. HP: 19/19 MP: 2/2
    26 | Abyss:2  | Found a corrupted altar of Lugonu.
    59 | Abyss:2  | Noticed a large abomination
    62 | D:1      | Escaped the Abyss
   115 | D:1      | Reached skill level 3 in Axes
   179 | D:1      | Reached XP level 2. HP: 24/26 MP: 3/3
   179 | D:1      | Reached * piety under Lugonu
   460 | D:1      | Reached skill level 4 in Axes
   765 | D:1      | Reached XP level 3. HP: 29/31 MP: 4/4
  1069 | D:2      | Found an ancient bone altar of Kikubaaqudgha.
  1091 | D:2      | Reached skill level 5 in Axes
  1626 | D:2      | Found a faded altar of an unknown god.
  1634 | D:2      | Reached XP level 4. HP: 36/39 MP: 5/5
  2076 | D:2      | You fall into a shaft and drop 2 floors!
  2112 | D:4      | Noticed a necrophage
  2223 | D:3      | Reached skill level 6 in Axes
  2647 | D:3      | Reached ** piety under Lugonu
  2652 | D:3      | Noticed Robin
  2671 | D:2      | Killed Robin
  2672 | D:2      | Reached XP level 5. HP: 41/45 MP: 6/6
  2807 | D:3      | Reached skill level 7 in Axes
  2929 | D:3      | Found Yggor's Armour Shop.
  3117 | D:3      | Found a sparkling altar of Nemelex Xobeh.
  3364 | D:4      | Killed a necrophage
  3365 | D:4      | Reached skill level 8 in Axes
  3365 | D:4      | Reached XP level 6. HP: 44/51 MP: 7/7
  3522 | D:4      | Slain by a gnoll shaman

Illustrated notes

Levels and vault maps discovered:
D:1:      tarquinn_simple_flora_water_a, layout_basic, grunt_decor_one_mirror
D:2:      layout_basic, ebering_ecumenical_altar_box, basic_altar
D:3:      wad_crossroads, layout_rooms, mainiacjoe_overflow_alcove_1,
          serial_shops, nicolae_diamond_shop, serial_glass, glass_columns_b,
          glass_columns_a, uniq_robin
D:4:      layout_loops_ring, beargit_hepliaklqana_dungeon_heroes,
          nicolae_gozag_zags_fifth_avenue

Skill      XL: |  1  2  3  4  5 |
---------------+----------------+-----
Axes           | 3 4 5 6 8 |  8.5
Fighting       | |  3.6
Armour         | |  2.1
Dodging        | |  0.7
Invocations    | |  2.4

Action                   |  1- 3 |  4- 6 || total
-------------------------+-------+-------++-------
Melee: Hand axe          |    92 |   153 ||   245
Invok: Depart the Abyss  |     1 |       ||     1
  Use: Scroll            |       |     1 ||     1
       Potion            |       |     1 ||     1
Armor: Ring mail         |    37 |       ||    37
       Scale mail        |    23 |    92 ||   115
Dodge: Dodged            |    61 |    71 ||   132

Table legend: (Time is in decaauts)
 A = Elapsed time spent in this place.
 B = Non-inter-level travel time spent in this place.
 C = Inter-level travel time spent in this place.
 D = Time resting spent in this place.
 E = Time spent auto-exploring this place.
 F = Levels seen in this place.
 G = Mean time per level.
                   A        B        C        D        E       F      G
               +--------+--------+--------+--------+--------+-----+--------+
         Total |   3526 |   3456 |     70 |   1154 |   1449 |   6 |  587.7 |
       Dungeon |   3465 |   3395 |     70 |   1154 |   1430 |   4 |  866.2 |
         Abyss |     61 |     61 |      0 |      0 |     19 |   2 |   30.5 |
               +--------+--------+--------+--------+--------+-----+--------+

Top non-repeatable levels by time:
     D:2: 1267 daAuts
     D:1: 1160 daAuts
     D:3: 813 daAuts
     D:4: 223 daAuts
 Abyss:2: 35 daAuts
 Abyss:1: 26 daAuts
